 Dungeon Crawl Stone Soup version 0.25.1-2-g60ff931df9 (webtiles) character file.

Game seed: 9712271410573142633

10685 hawla the Carver (level 11, -21/97 HPs)
             Began as a Minotaur Gladiator on Nov 6, 2020.
             Was an Initiate of Gozag.
             Demolished by an orc warrior
             ... wielding a +3 glaive of venom
              (23 damage)
             ... on level 12 of the Dungeon.
             The game lasted 00:26:46 (13215 turns).

hawla the Carver (Minotaur Gladiator)              Turns: 13215, Time: 00:26:47

Health: -21/97     AC: 12    Str: 20    XL:     11   Next: 39%
Magic:  10/10      EV: 15    Int:  5    God:    Gozag
Gold:   1367       SH:  0    Dex: 16    Spells: 10/10 levels left

rFire    . . .     SeeInvis +   u - +3 great sword
rCold    . . .     Gourm    .   (shield currently unavailable)
rNeg     . . .     Faith    .   D - +2 scale mail {MR+}
rPois    .         Spirit   .   c - +0 hat
rElec    .         Reflect  .   (no cloak)
rCorr    .         Harm     .   E - +0 pair of gloves
MR       +....                  (no boots)
Stlth    ..........             (no amulet)
HPRegen  0.26/turn              q - +6 ring of dexterity
MPRegen  0.12/turn              C - ring of see invisible

@: gold aura, slowed, heavily drained, very slow
A: retaliatory headbutt, horns 2, icy blue scales 1, clumsy 1, screaming 1, weak
1
a: Potion Petition, Call Merchant, Bribe Branch, Renounce Religion


You were on level 12 of the Dungeon.
You worshipped Gozag.
Gozag was most pleased with you.
You were hungry.

You visited 2 branches of the dungeon, and saw 13 of its levels.

You collected 2597 gold pieces.
You spent 1085 gold pieces at shops.
You paid 145 gold pieces to Gozag.

Inventory:

Hand Weapons
 m - the +4 dagger of the Ass {freeze, *Slow rN++ Int+8 Dex-2}
   (You found it on level 4 of the Dungeon)

   It has been specially enchanted to freeze those struck by it, causing extra
   injury to most foes and up to half again as much damage against particularly
   susceptible opponents.
   It can also slow down cold-blooded creatures.
   It affects your intelligence (+8).
   It affects your dexterity (-2).
   It greatly protects you from negative energy.
   It may slow you when you take damage.
 u - a +3 great sword (weapon)
 J - a +0 scimitar of flaming
Missiles
 p - 7 javelins (quivered)
 A - 11 poisoned darts
Armour
 c - a +0 hat (worn)
 D - a +2 scale mail of magic resistance (worn)
 E - a +0 pair of gloves (worn)
 F - a +4 plate armour of fire resistance
 I - a +2 ring mail of cold resistance
Jewellery
 j - an uncursed ring of protection from fire
 q - a +6 ring of dexterity (left hand)
 v - an uncursed ring of ice
 C - a ring of see invisible (right hand)
Wands
 b - a wand of digging (4)
 d - a wand of acid (5)
 l - a wand of flame (35)
 t - a wand of clouds (5)
 y - a wand of iceblast (7)
Scrolls
 a - 2 scrolls of enchant weapon
 e - 5 scrolls of teleportation
 g - 11 scrolls of remove curse
 o - 4 scrolls of magic mapping
 r - 2 scrolls of identify
 z - a scroll of torment
 G - a scroll of enchant armour
 H - a scroll of fear
Potions
 h - 6 potions of curing
 i - 2 potions of stabbing
 k - a potion of berserk rage
 n - 2 potions of haste
 s - a potion of lignification
 w - 2 potions of flight
 B - a potion of might
Comestibles
 f - 18 rations


   Skills:
 + Level 9.0(6.3) Fighting
 + Level 3.3(6.2) Short Blades
 + Level 13.5(10.7) Long Blades
 + Level 2.6(0.3) Throwing
 + Level 6.8(4.2) Armour
 * Level 10.7(7.8) Dodging
 - Level 2.7(0.4) Stealth
 + Level 0.3(0.0) Evocations


You had 10 spell levels left.
You didn't know any spells.
Your spell library was empty.

Dungeon Overview and Level Annotations

Branches:
Dungeon (12/15)            Temple (1/1) D:7            Lair (0/6) D:9
    Orc (0/2) D:12

Altars:
Ashenzari
Cheibriados
Dithmenos
Elyvilon
Fedhas
Gozag
Hepliaklqana
Kikubaaqudgha
Makhleb
Nemelex Xobeh
Okawaru
Qazlal
Ru
Sif Muna
Trog
Uskayaw
Vehumet
Wu Jian
Xom
Yredelemnul
Zin
The Shining One
Jiyva

Shops:
D:6 [   D:8 }

Annotations:
D:8 3 runed translucent doors, merlinx42's ghost, novice DDFi
D:12 Josephine


Innate Abilities, Weirdness & Mutations

You reflexively headbutt those who attack you in melee.
You have a pair of horns on your head.
You are partially covered in icy blue scales. (AC +2)
You are clumsy. (Dex -2)
You occasionally shout uncontrollably at your foes.
You are weak. (Str -2)


Message History

You kill the orc!
An ice beast comes into view.
A howler monkey comes into view.
The orc warrior closely misses you. You furiously retaliate!
You headbutt the orc warrior, but do no damage.
Found 7 gold pieces.
Found a staircase to the Orcish Mines.
Evoke which item? (* to show all) (? for menu, Esc to quit)
Aiming: Cloud Cone
Press: ? - help, Dir - move target cursor, f - orc
Aim: an orc, wearing a cursed +0 leather armour You create a blast of flame!
The orc warrior is engulfed in blazing flames.
The orc is engulfed in blazing flames.
You kill the orc!
The warg is engulfed in blazing flames.
The orc is engulfed in blazing flames.
You kill the orc!
An orc priest comes into view. It is wielding a +0 mace.
The orc warrior is engulfed in blazing flames.
The orc warrior hits you from afar with a +3 glaive of venom!!
You die...
Your body crumbles into a pile of gold.

.o.....
...h...
..ll...
..>§§§Y
..o§§§.
...§h§§
....§o§##
......o@#
....o.$.#
.........
#...###.##
.#. ..# #.
### #


You could see a warg, 2 orc warriors, 2 wyverns, an ice beast, a howler monkey,
2 orc priests and an orc.

Vanquished Creatures
  A two-headed ogre (D:9)
  Pikel (D:4)
  4 ugly things
  Joseph (D:9)
  A kobold demonologist (D:11)
  An efreet (D:8)
  2 trolls
  A hippogriff (D:7)
  A vampire (D:11)
  A wraith (D:12)
  4 yaks
  2 hungry ghosts
  5 orc warriors
  7 sky beasts
  3 phantoms
  2 black bears
  4 ogres
  2 ice beasts (D:8)
  5 centaurs
  A crocodile (D:11)
  3 big kobolds
  3 bullfrogs
  3 scorpions
  4 killer bees (D:8)
  8 wights
  2 howler monkeys
  A bullfrog zombie (D:11)
  4 crimson imps
  4 hounds
  2 quasits
  2 centaur skeletons
  6 orc priests
  2 jellies (D:5)
  3 iguanas
  Ijyb (D:5)
  11 orc wizards
  6 worker ants
  A killer bee zombie (D:8)
  A howler monkey zombie (D:6)
  6 gnolls
  2 howler monkey skeletons
  11 adders
  2 shadow imps
  2 oozes
  2 adder skeletons (D:6)
  2 worms (D:2)
  2 dart slugs
  5 leopard geckos
  28 orcs
  9 giant cockroaches
  8 goblins
  4 hobgoblins
  7 jackals
  6 quokkas
  3 ball pythons
  10 bats
  9 frilled lizards
  A jackal zombie (D:7)
  10 kobolds
  7 rats
252 creatures vanquished.

Vanquished Creatures (others)
  An iguana (D:4)
1 creature vanquished.

Grand Total: 253 creatures vanquished

Notes
Turn   | Place    | Note
-------+----------+-------------------------------------------
     0 | D:1      | hawla the Minotaur Gladiator began the quest for the Orb.
     0 | D:1      | Reached XP level 1. HP: 18/18 MP: 0/0
    78 | D:1      | Reached skill level 4 in Long Blades
   103 | D:1      | Reached XP level 2. HP: 21/25 MP: 1/1
   620 | D:1      | Reached XP level 3. HP: 24/30 MP: 2/2
  1008 | D:2      | Reached XP level 4. HP: 23/37 MP: 3/3
  1313 | D:2      | Reached skill level 5 in Long Blades
  1313 | D:2      | Reached skill level 1 in Armour
  1343 | D:2      | Found a stormy altar of Qazlal.
  1428 | D:2      | Found a snail-covered altar of Cheibriados.
  1792 | D:3      | Noticed a phantom
  1798 | D:3      | Killed a phantom
  1798 | D:3      | Reached XP level 5. HP: 44/44 MP: 4/4
  2302 | D:4      | Noticed an ogre
  2305 | D:4      | Reached skill level 5 in Dodging
  2305 | D:4      | Reached XP level 6. HP: 27/51 MP: 5/5
  2444 | D:3      | Gained mutation: You are clumsy. (Dex -2) [potion of
                  | mutation]
  2444 | D:3      | Gained mutation: You are weak. (Str -2) [potion of
                  | mutation]
  2444 | D:3      | Gained mutation: You occasionally shout uncontrollably at
                  | your foes. [potion of mutation]
  2444 | D:3      | Gained mutation: You are partially covered in icy blue
                  | scales. (AC +2) [potion of mutation]
  2449 | D:4      | Reached skill level 6 in Long Blades
  2630 | D:4      | Got a crude dagger
  2631 | D:4      | Identified the +4 dagger of the Ass {freeze, *Slow rN++
                  | Int+8 Dex-2} (You found it on level 4 of the Dungeon)
  2671 | D:4      | Reached skill level 1 in Stealth
  2671 | D:4      | Reached XP level 7. HP: 31/57 MP: 6/6
  2851 | D:4      | Reached skill level 7 in Long Blades
  3096 | D:4      | Reached skill level 1 in Short Blades
  3341 | D:4      | Noticed Pikel
  3373 | D:4      | Killed Pikel
  3373 | D:4      | Reached XP level 8. HP: 43/67 MP: 7/7
  3940 | D:5      | Entered Level 5 of the Dungeon
  4029 | D:5      | Reached skill level 8 in Long Blades
  4212 | D:5      | Noticed Ijyb
  4222 | D:5      | Killed Ijyb
  4461 | D:5      | Reached skill level 5 in Fighting
  5280 | D:5      | Reached XP level 9. HP: 46/74 MP: 8/8
  5501 | D:6      | Found Ter Ony's Antique Armour Emporium.
  6511 | D:7      | Reached skill level 9 in Long Blades
  6831 | D:7      | Found a staircase to the Ecumenical Temple.
  6855 | Temple   | Entered the Ecumenical Temple
  6984 | Temple   | Became a worshipper of Gozag Ym Sagoz the Greedy
  7226 | D:7      | Reached skill level 10 in Long Blades
  7570 | D:8      | Reached skill level 5 in Armour
  7611 | D:8      | Found a runed translucent gate.
  7611 | D:8      | Found a runed translucent gate.
  7611 | D:8      | Found a runed translucent gate.
  7611 | D:8      | Noticed merlinx42's ghost (novice DDFi)
  7614 | D:8      | Found Xagemm's Gadget Shoppe.
  7620 | D:8      | Bought a wand of iceblast (7) for 110 gold pieces
  7944 | D:8      | Reached XP level 10. HP: 72/86 MP: 9/9
  8528 | D:8      | You fall into a shaft and drop 3 floors!
  8595 | D:11     | Noticed a red ugly thing
  8605 | D:11     | Killed a red ugly thing
  8605 | D:11     | Reached skill level 11 in Long Blades
  8894 | D:10     | Entered Level 10 of the Dungeon
  8914 | D:9      | Found a staircase to the Lair.
  8926 | D:9      | Noticed a cyan ugly thing
  8938 | D:8      | Killed a cyan ugly thing
  9344 | D:8      | Found a viscous altar of Jiyva.
  9344 | D:8      | Identified the Tome of the Thirsty Blessings
  9658 | D:9      | Noticed Joseph
  9663 | D:9      | Killed Joseph
  9663 | D:9      | Reached skill level 12 in Long Blades
  9663 | D:9      | Reached skill level 10 in Dodging
  9916 | D:9      | Noticed a two-headed ogre
  9925 | D:9      | Killed a two-headed ogre
 10756 | D:6      | Bought a runed scale mail for 182 gold pieces
 10756 | D:6      | Bought a pair of gloves for 117 gold pieces
 10756 | D:6      | Bought a runed plate armour for 676 gold pieces
 11239 | D:10     | Found an ancient bone altar of Kikubaaqudgha.
 11639 | D:11     | Identified a scroll of acquirement
 11643 | D:11     | Acquired 980 gold pieces
 11833 | D:11     | Reached XP level 11. HP: 77/95 MP: 10/10
 11983 | D:11     | Reached skill level 13 in Long Blades
 12029 | D:11     | Noticed a brown ugly thing
 12038 | D:11     | Killed a brown ugly thing
 12324 | D:11     | Noticed a brown ugly thing
 12330 | D:11     | Killed a brown ugly thing
 13188 | D:12     | Noticed Josephine
 13206 | D:12     | HP: 4/97 [orc priest/divine providence (10)]
 13213 | D:12     | HP: 1/97 [black bear (4)]
 13214 | D:12     | Found a staircase to the Orcish Mines.
 13215 | D:12     | Demolished by an orc warrior

Illustrated notes

Levels and vault maps discovered:
D:1:      dpeg_arrival_subterranean_lakeside_camping, layout_basic,
          minmay_misc_feat_more_columns
D:2:      layout_rooms, old_standard_altar, nicolae_qazlal_general_emergency
D:3:      layout_basic
D:4:      layout_basic, first_ration, uniq_pikel
D:5:      layout_basic, uniq_ijyb
D:6:      layout_basic, serial_shops, shop
D:7:      layout_loops_ring, minmay_temple_entry_overgrown
D:8:      layout_loops_corners, gammafunk_ghost_ooze, serial_shops,
          shop_fountains, blue_anna_alchemist [blue_anna_fruit_fields,
          blue_anna_fruit_fields]
D:9:      layout_basic, dpeg_oklobed_lair, uniq_joseph
D:10:     layout_basic, basic_altar
D:11:     layout_grid_maze
D:12:     layout_loops_cross, david_orc_3, uniq_josephine
Temple:   minmay_crystal_snake_temple

Skill      XL: |  1  2  3  4  5  6  7  8  9 10 11 |
---------------+----------------------------------+-----
Long Blades    | 4 5 6 7 8 10 12 13 | 13.5
Dodging        | 4 5 7 8 9 10 | 10.7
Armour         | 2 3 4 5 6 |  6.8
Fighting       | 3 4 5 7 8 9 |  9.0
Stealth        | 1 2 |  2.7
Short Blades   | 2 3 |  3.3
Throwing       | |  2.6
Evocations     | |  0.3

Action                   |  1- 3 |  4- 6 |  7- 9 | 10-12 || total
-------------------------+-------+-------+-------+-------++-------
Melee: Long sword        |    76 |    63 |    27 |       ||   166
       Headbutt          |    14 |    18 |    49 |    76 ||   157
       Dagger            |       |    10 |   102 |       ||   112
       Great sword       |       |       |   108 |   133 ||   241
       Scimitar          |       |       |       |    73 ||    73
Throw: Throwing net      |       |     2 |     2 |       ||     4
Evoke: Wand              |       |       |       |     4 ||     4
  Use: Scroll            |     1 |     8 |     8 |     9 ||    26
       Potion            |       |     1 |     3 |     5 ||     9
 Stab: Sleeping          |       |     2 |       |     4 ||     6
  Eat: Chunk             |       |     6 |    11 |       ||    17
       Ration            |       |       |     3 |     4 ||     7
Armor: Leather armour    |    22 |    17 |    47 |     9 ||    95
       Skin              |       |       |    49 |       ||    49
       Scale mail        |       |       |       |    36 ||    36
Dodge: Dodged            |    68 |    55 |   191 |   199 ||   513
       Rpst.: Long sword |    15 |    14 |     6 |       ||    35
       Great sword       |       |       |    25 |    37 ||    62
       Scimitar          |       |       |       |    13 ||    13
